 Dungeon Crawl Stone Soup version 0.20.1-1-g8b1a95d (webtiles) character file.

8750 Jazqa the Fighter (level 11, -10/128 HPs)
             Began as an Ogre Berserker on Oct 30, 2017.
             Was an Elder of Trog.
             Mangled by a catoblepas (32 damage)
             ... on level 3 of the Lair of Beasts.
             The game lasted 00:10:31 (8972 turns).

Jazqa the Fighter (Ogre Berserker)                  Turns: 8972, Time: 00:10:31

Health: -10/128    AC:  3    Str: 26    XL:     11   Next: 35%
Magic:  0/11       EV: 19    Int:  8    God:    Trog [****..]
Gold:   326        SH:  0    Dex:  8    Spells: 10/10 levels left

rFire    . . .     SeeInvis .   g - +3 whip (elec)
rCold    . . .     Gourm    .   (no shield)
rNeg     . . .     Faith    .   b - +0 animal skin
rPois    .         Spirit   +   (helmet restricted)
rElec    .         Reflect  .   (no cloak)
rCorr    .         Harm     .   (gloves unavailable)
MR       +++..                  (boots unavailable)
Stlth    +.........             G - amulet of guardian spirit
Regen    1.4/turn               e - +6 ring of evasion
MPRegen  0.2/turn               Y - +3 ring of slaying

@: regenerating
A: unfitting armour, tough skin 1
a: Berserk, Trog's Hand, Brothers in Arms, Burn Spellbooks, Renounce Religion


You were on level 3 of the Lair of Beasts.
You worshipped Trog.
Trog was greatly pleased with you.
You were not hungry.

You visited 2 branches of the dungeon, and saw 12 of its levels.

You collected 326 gold pieces.


Innate Abilities, Weirdness & Mutations

You are too large for most types of armour.
You have tough skin. (AC +1)


   Skills:
 + Level 13.7 Fighting
 + Level 10.1 Maces & Flails
 + Level 8.6 Dodging


You had 10 spell levels left.
You didn't know any spells.

Inventory:

Hand Weapons
 g - a +3 whip of electrocution (weapon)
 A - the +2 broad axe of Trial by Ordeal {antimagic, MR+ Dex+2}
   (You found it on level 7 of the Dungeon)

   It reduces the magical energy of the wielder, and disrupts the spells and
   magical abilities of those hit.
   Natural abilities and divine invocations are not affected.
   It affects your dexterity (+2).
   It affects your resistance to hostile enchantments.
Armour
 b - a +0 animal skin (worn)
Jewellery
 e - a +6 ring of evasion (left hand)
 G - an amulet of guardian spirit (around neck)
 H - an uncursed amulet of the gourmand
 L - a +2 ring of strength {unknown}
 N - an uncursed ring of positive energy
 Y - a +3 ring of slaying (right hand)
Wands
 x - a wand of paralysis (16/24)
 B - a wand of confusion (12/48)
 J - a wand of random effects (37/48)
 O - a wand of paralysis (16/24)
Scrolls
 j - 2 scrolls of recharging
 k - 11 scrolls of fear
 n - 4 scrolls of remove curse {@r2}
 y - 2 scrolls of magic mapping
 C - 3 scrolls of identify {@r1}
 F - a scroll of teleportation {unknown}
 I - a scroll of fog {unknown}
Potions
 a - 3 potions of agility
 d - 2 potions of brilliance
 i - a potion of haste {unknown}
 m - 2 potions of might
 o - a potion of resistance {unknown}
 p - 5 potions of lignification {!q}
 q - 3 potions of mutation {!q}
 r - a potion of heal wounds {unknown}
 t - a potion of ambrosia
 u - 3 potions of magic
 v - 3 potions of curing {@q1}
 z - a potion of berserk rage {unknown}
 D - a potion of invisibility {unknown}
 E - a potion of cancellation {unknown}
 K - 2 potions of degeneration {unknown}
Books
 s - a book of Maledictions

   Spells                             Type                      Level
   a - Corona                         Hexes                        1
   b - Ensorcelled Hibernation        Hexes/Ice                    2
   c - Confuse                        Hexes                        3
   d - Tukima's Dance                 Hexes                        3
   e - Dazzling Spray                 Conjuration/Hexes            3
   Trog disapproves of the use of such an item.
 w - a book of Conjurations

   Spells                             Type                      Level
   a - Magic Dart                     Conjuration                  1
   b - Searing Ray                    Conjuration                  2
   c - Dazzling Spray                 Conjuration/Hexes            3
   d - Fulminant Prism                Conjuration/Hexes            4
   e - Force Lance                    Conjuration/Translocation    4
   f - Iskenderun's Mystic Blast      Conjuration                  4
   Trog disapproves of the use of such an item.
Comestibles
 c - 5 bread rations {@e1}
 f - 10 fruits {@e2}
 h - 2 royal jellies {@e3}
 l - 4 meat rations {@e1}

Dungeon Overview and Level Annotations

Branches:
Dungeon (9/15)             Temple (0/1) D:7            Lair (3/6) D:9
  Swamp (0/4) Lair:2
  Snake: Lair:2-4    Spider: Lair:2-4       Orc: D:9-12

Altars:
Ashenzari
Cheibriados
Dithmenos
Kikubaaqudgha
Makhleb
Nemelex Xobeh
Trog
Uskayaw
Zin

. .. ≈≈≈
#####.≈▒▒≈
..#####.....≈≈≈≈
F....F...##.≈≈≈≈
##..##..P#§.....
#...#..@<§......
....S..Y§.......
...)............
....#.h.........
#....§..÷.......
.........#.....#
P.≈≈≈≈≈.........
).≈≈≈≈≈.).......
..≈▒▒▒≈.........


You could see a catoblepas, a spiny frog, a water moccasin and a friendly black
bear (berserk).


Message History

The blast of calcifying dust hits your black bear.
Your black bear is engulfed in calcifying dust.
Your black bear is moving more slowly.
Your black bear bites the catoblepas.
Your black bear claws the catoblepas but does no damage. x2
A spiny frog comes into view.
Okay, then.
The catoblepas gores your black bear!
Your black bear is engulfed in calcifying dust.
Your black bear stops moving altogether!
There is a stone staircase leading up here.
Unknown command.
Your black bear is engulfed in calcifying dust.
The catoblepas gores your black bear!
Your black bear is engulfed in calcifying dust.
Unknown command.
You hit the catoblepas but do no damage.
The catoblepas is heavily wounded.
The catoblepas breathes a plume of calcifying dust at you.
The blast of calcifying dust hits you!
* * * LOW HITPOINT WARNING * * *
Your black bear is engulfed in calcifying dust.
Your black bear is engulfed in calcifying dust.
A water moccasin comes into view.
Unknown command.
You hit the catoblepas.
The catoblepas is heavily wounded.
Your black bear is engulfed in calcifying dust.
The catoblepas gores you!!
You die...

Skill      XL: |  1  2  3  4  5  6  7  8  9 10 11 |
---------------+----------------------------------+-----
Maces & Flails | 4 5 6 7 8 9 10 | 10.1
Fighting       | 6 7 9 10 11 13 | 13.7
Dodging        | 4 6 8 |  8.6

Action                   |  1- 3 |  4- 6 |  7- 9 | 10-12 || total
-------------------------+-------+-------+-------+-------++-------
Melee: Mace              |    21 |       |       |       ||    21
       Whip              |    17 |    80 |   282 |   176 ||   555
Invok: Berserk           |     1 |     2 |     4 |     4 ||    11
       Burn Spellbooks   |       |     1 |       |       ||     1
       Trog's Hand       |       |       |     1 |     2 ||     3
       Brothers in Arms  |       |       |     1 |     1 ||     2
  Use: Scroll            |     2 |     2 |    12 |       ||    16
       Potion            |       |       |       |     1 ||     1
  Eat: Chunk             |       |     5 |    17 |    12 ||    34
       Royal jelly       |       |       |     1 |       ||     1
       Fruit             |       |       |     1 |       ||     1
Armor: Animal skin       |    10 |    19 |    33 |     7 ||    69
Dodge: Dodged            |    22 |    20 |   130 |   117 ||   289

Vault maps used:
D:1:      dpeg_arrival_short_road, roderic_roman_lattice, nrook_loot_triangle
D:2:      minmay_door_path, grunt_dithmenos_smoke, first_bread, uniq_sigmund
D:3:      tgw_trog, lemuel_crystal_altar, nemelex_xobeh_ov_fountains_minmay
D:4:      minivault_25, minivault_14
D:6:      kennysheep_mini_moat, minmay_misc_feat_pillars, minivault_1
D:7:      chequers_temple_overflow_statue_of_worship,
          minmay_temple_entry_poolview, uniq_duvessa
D:8:      zin_angel, old_standard_altar
D:9:      lair_entry_dummy, grunt_ogre_cave
Lair:1:   beast_lair_carwin_11, grunt_megastairs_5, serial_bayou_shore_a,
          infiniplex_staircase_pool_2
Lair:2:   swamp_mist
Lair:3:   beast_lair_carwin_large_4, nicolae_spider_entry_orb_guardian,
          serial_forest, infiniplex_forest_lined_3, infiniplex_forest_end_2,
          infiniplex_forest_end_3, infiniplex_forest_lined_corner,
          infiniplex_forest_lined_3_way, infiniplex_forest_clump_cross,
          infiniplex_forest_lined_corner, basic_altar

Notes
Turn   | Place    | Note
-------+----------+-------------------------------------------
     0 | D:1      | Jazqa the Ogre Berserker began the quest for the Orb.
     0 | D:1      | Reached XP level 1. HP: 24/24 MP: 1/1
   114 | D:1      | Reached XP level 2. HP: 32/33 MP: 2/2
   121 | D:1      | Reached skill level 3 in Maces & Flails
   567 | D:2      | Found a shadowy altar of Dithmenos.
   661 | D:2      | Noticed Sigmund
   667 | D:2      | Killed Sigmund
   667 | D:2      | Reached skill level 6 in Fighting
   667 | D:2      | Reached skill level 4 in Maces & Flails
   667 | D:2      | Reached XP level 3. HP: 44/44 MP: 3/3
   667 | D:2      | Reached XP level 4. HP: 52/52 MP: 4/4
   667 | D:2      | Reached XP level 5. HP: 59/59 MP: 5/5
   848 | D:2      | Reached ** piety under Trog
  1391 | D:3      | Found a sparkling altar of Nemelex Xobeh.
  1488 | D:3      | Found a shattered altar of Ashenzari.
  1537 | D:3      | Reached XP level 6. HP: 68/68 MP: 6/6
  1743 | D:3      | Noticed an ice beast
  1750 | D:3      | Killed an ice beast
  1750 | D:3      | Reached skill level 7 in Fighting
  1925 | D:3      | Noticed a moth of wrath
  1927 | D:3      | Noticed Darkyelf's ghost (amateur FoAK)
  1928 | D:3      | Found a bloodstained altar of Trog.
  1955 | D:3      | Killed Darkyelf's ghost
  1955 | D:3      | Reached skill level 5 in Maces & Flails
  1955 | D:3      | Reached XP level 7. HP: 79/79 MP: 7/7
  2214 | D:4      | Reached skill level 8 in Fighting
  2390 | D:4      | Reached *** piety under Trog
  2747 | D:4      | Reached skill level 6 in Maces & Flails
  3138 | D:5      | Entered Level 5 of the Dungeon
  3190 | D:5      | Reached skill level 9 in Fighting
  3190 | D:5      | Reached XP level 8. HP: 84/92 MP: 8/8
  3202 | D:5      | Reached skill level 3 in Dodging
  3837 | D:6      | Reached skill level 4 in Dodging
  3853 | D:6      | Reached skill level 10 in Fighting
  3853 | D:6      | Reached skill level 7 in Maces & Flails
  4147 | D:6      | Reached XP level 9. HP: 95/98 MP: 7/9
  4207 | D:6      | Found a hide-covered altar of Uskayaw.
  4676 | D:7      | Reached **** piety under Trog
  4784 | D:7      | Reached skill level 5 in Dodging
  4796 | D:7      | Found a burning altar of Makhleb.
  4796 | D:7      | Found an ancient bone altar of Kikubaaqudgha.
  5096 | D:7      | Got a scorched broad axe
  5097 | D:7      | Identified the +2 broad axe of Trial by Ordeal {antimagic, MR+ Dex+2} (You found it on level 7 of the Dungeon)
  5292 | D:7      | Noticed Duvessa
  5297 | D:7      | Noticed Dowan
  5298 | D:7      | Killed Duvessa
  5298 | D:7      | Reached skill level 11 in Fighting
  5301 | D:7      | Killed Dowan
  5306 | D:7      | Found a staircase to the Ecumenical Temple.
  5583 | D:8      | Found a snail-covered altar of Cheibriados.
  5658 | D:8      | Reached skill level 8 in Maces & Flails
  5658 | D:8      | HP: 15/153 [centaur skeleton (5)]
  5893 | D:8      | Noticed an angel
  5894 | D:8      | Found a glowing silver altar of Zin.
  5990 | D:8      | Reached skill level 6 in Dodging
  6575 | D:9      | Found a staircase to the Lair.
  6589 | Lair:1   | Entered Level 1 of the Lair of Beasts
  6596 | Lair:1   | Reached XP level 10. HP: 110/112 MP: 10/10
  6697 | Lair:1   | Noticed a spiny frog
  6704 | Lair:1   | Killed a spiny frog
  6704 | Lair:1   | Reached skill level 12 in Fighting
  6990 | Lair:1   | Noticed a spiny frog
  7015 | Lair:1   | Killed a spiny frog
  7015 | Lair:1   | Reached skill level 7 in Dodging
  7024 | Lair:1   | HP: 10/112 [poisoned by a spiny frog]
  7118 | Lair:1   | Reached skill level 9 in Maces & Flails
  7750 | Lair:1   | Reached skill level 13 in Fighting
  8225 | Lair:2   | Found a staircase to the Swamp.
  8386 | Lair:2   | Reached skill level 8 in Dodging
  8386 | Lair:2   | Reached XP level 11. HP: 100/127 MP: 7/11
  8653 | Lair:2   | Reached ***** piety under Trog
  8657 | Lair:2   | Reached skill level 10 in Maces & Flails
  8946 | Lair:3   | Noticed a catoblepas
  8959 | Lair:3   | HP: 9/128 [molten gargoyle/flail (8)]
  8972 | Lair:3   | Mangled by a catoblepas

Vanquished Creatures
  3 elephants (Lair:2)
  2 spiny frogs (Lair:1)
  2 komodo dragons (Lair:1)
  Sigmund (D:2)
  5 yaks
  The ghost of Darkyelf the Skirmisher, an amateur FoAK of Lugonu (D:3)
  4 water moccasins
  Duvessa (D:7)
  9 porcupines
  A necrophage (D:6)
  2 ice beasts
  A sky beast (D:6)
  2 ogres
  8 wolves
  A phantom (D:5)
  4 centaurs
  5 crocodiles
  5 bullfrogs
  Dowan (D:7)
  2 scorpions
  4 killer bees (D:7)
  4 howler monkeys
  A lava snake (Lair:3)
  2 bullfrog zombies
  5 jellies
  A hound (D:6)
  3 bullfrog skeletons
  2 centaur skeletons
  5 orc wizards
  4 iguanas
  2 worker ants (D:4)
  A killer bee zombie (D:7)
  7 adders
  A shadow imp (D:8)
  An adder skeleton (D:5)
  2 adder zombies (D:6)
  6 worms
  A dart slug (D:1)
  4 leopard geckos
  19 orcs
  2 ball pythons
  4 bats
  6 giant cockroaches
  5 goblins
  7 hobgoblins
  7 jackals
  2 quokkas
  6 frilled lizards
  5 kobolds
  2 leopard gecko zombies
  A quokka zombie (D:7)
  7 rats
189 creatures vanquished.

Vanquished Creatures (collateral kills)
  A molten gargoyle (Lair:3)
  A wyvern (D:8)
  A centaur skeleton (D:8)
3 creatures vanquished.

Grand Total: 192 creatures vanquished
